 Dungeon Crawl Stone Soup version 0.17-a0-1946-gfb768fe (webtiles) character file.

450 dpvblackbelt the Cutter (level 6, -6/46 HPs)
             Began as a Vampire Monk on Oct 2, 2015.
             Was a Believer of Dithmenos.
             Shot with an arrow by a centaur (12 damage)
             ... on level 5 of the Dungeon.
             The game lasted 00:14:51 (8585 turns).

dpvblackbelt the Cutter (Vampire Monk)              Turns: 8585, Time: 00:14:51

Health: -6/46      AC:  2    Str: 11    XL:     6   Next: 74%
Magic:  6/6        EV: 14    Int: 12    God:    Dithmenos [**....]
Gold:   188        SH:  0    Dex: 18    Spells: 0 memorised, 5 levels left

rFire  . . .     SeeInvis +     d - +0 dagger
rCold  + + .     Clarity  .     a - +0 robe
rNeg   + + +     SustAt   .     (no shield)
rPois  ∞         Gourm    .     (no helmet)
rElec  .         Spirit   .     (no cloak)
rCorr  .         Warding  .     (no gloves)
rMut   .         Stasis   .     (no boots)
MR     .....                    (no amulet)
Stlth  +++.......               (no ring)
                                b - ring of loudness (curse) {Stlth-}

@: bloodless, non-regenerating, wreathed by umbra, not resistant to hostile
enchantments, fairly stealthy
A: fangs 3, see invisible, unbreathing
a: Bat Form, Shadow Step, Renounce Religion


You were on level 5 of the Dungeon.
You worshipped Dithmenos.
Dithmenos was pleased with you.
You were bloodless.

You visited 1 branch of the dungeon, and saw 5 of its levels.

You collected 188 gold pieces.

Inventory:

Hand weapons
 d - a +0 dagger (weapon)
   (You took it off a goblin on level 1 of the Dungeon)
Missiles
 h - 8 curare-tipped needles
Armour
 a - a +0 robe (worn)
 i - a cursed +0 pair of boots
   (You found it on level 2 of the Dungeon)
Jewellery
 b - a cursed ring of loudness (left hand) {Stlth-}
   (You found it on level 3 of the Dungeon)
 k - an uncursed ring of fire {unknown}
   (You found it on level 4 of the Dungeon)
Scrolls
 c - 2 scrolls of identify
 f - a scroll of enchant armour
 g - 2 scrolls of noise {!r}
 j - 3 scrolls of amnesia
 m - a scroll of recharging
 r - a scroll of remove curse {unknown}
 s - a scroll of immolation {unknown}
 u - a scroll of fog {unknown}
Potions
 e - a potion of brilliance {unknown}
 l - a potion of haste {unknown}
 n - a potion of curing {unknown}
 o - a potion of lignification {unknown}
 p - a potion of ambrosia {unknown}
 q - a potion of cancellation {unknown}
 t - a potion of poison {unknown}


   Skills:
 - Level 2.6 Fighting
 + Level 7.4 Short Blades
 - Level 3.2 Dodging
 - Level 3.8 Stealth
 - Level 4.3 Unarmed Combat


You had 5 spell levels left.
You didn't know any spells.

Dungeon Overview and Level Annotations

Branches:
Dungeon (5/15)             Temple (0/1) D:4

Altars:
Cheibriados
Dithmenos
Fedhas
Kikubaaqudgha
Makhleb
Xom
Yredelemnul


Innate Abilities, Weirdness & Mutations

You do not heal naturally.
You are immune to poison.
You have razor-sharp teeth.
You have supernaturally acute eyesight.
You can survive without breathing.


Message History

The giant frog zombie closely misses you.
You hit the giant frog zombie. The giant frog zombie hits you.
You take 1 damage, and have 31/46 hp.
You barely miss the giant frog zombie. The giant frog zombie hits you.
You take 4 damage, and have 27/46 hp.
You closely miss the giant frog zombie. Your bite misses the giant frog zombie.
The giant frog zombie completely misses you.
You hit the giant frog zombie but do no damage.
You hit the giant frog zombie.
The giant frog zombie barely misses you.
You hit the giant frog zombie.
The giant frog zombie barely misses you.
You barely miss the giant frog zombie.
The giant frog zombie barely misses you.
You hit the giant frog zombie. The giant frog zombie hits you.
You take 3 damage, and have 24/46 hp.
You barely miss the giant frog zombie. The giant frog zombie hits you.
You take 5 damage, and have 19/46 hp.
You barely miss the giant frog zombie. The giant frog zombie misses you.
You hit the giant frog zombie but do no damage.
The giant frog zombie misses you.
You hit the giant frog zombie.
You bite the giant frog zombie, but do no damage.
You hit the giant frog zombie. The giant frog zombie hits you.
You take 5 damage, and have 14/46 hp.
You barely miss the giant frog zombie.
You bite the giant frog zombie, but do no damage.
The giant frog zombie hits you.
* * * LOW HITPOINT WARNING * * *
You take 2 damage, and have 12/46 hp.
You hit the giant frog zombie.
The giant frog zombie barely misses you.
You hit the giant frog zombie.
The giant frog zombie barely misses you.
You barely miss the giant frog zombie.
Your punch misses the giant frog zombie.
The giant frog zombie closely misses you.
You barely miss the giant frog zombie. You hit the giant frog zombie.
You destroy the giant frog zombie!
Dithmenos accepts your kill.
Things that are here:
a short sword; 4 tomahawks of returning; a scale mail
Things that are here:
a short sword; 4 tomahawks of returning; a scale mail
u - 4 tomahawks of returning Quiver which item? (- for none, * to show all) (? for menu, Esc to quit)
Reset throwing quiver to default.
Quiver which item? (- for none, * to show all) (? for menu, Esc to quit)
Okay, then.
Drop what? 21/52 slots (_ for help) (? for menu, Esc to quit)
You drop 4 tomahawks of returning.
Found a blossoming altar of Fedhas.
An adder comes into view.
You see here a scroll labeled FEWKABEUCVO.
The helpless adder fails to defend itself.
You bite the adder, and draw its blood!
You feel better.
You feel slightly less thirsty.
You skewer the adder like a kebab!!!
You kill the adder!
Dithmenos accepts your kill.
You regained 6 hp, and now have 18/46 hp.
A giant cockroach comes into view.
u - a scroll labeled FEWKABEUCVO
There are no items here.
A worker ant comes into view.
You are too injured to fight recklessly!
You are too injured to fight recklessly!
The helpless worker ant fails to defend itself.
You skewer the worker ant like a kebab!!!
You kill the worker ant!
Dithmenos accepts your kill.
You see here a worker ant corpse.
You butcher the worker ant corpse.
You see here a chunk of flesh {@w0@w0}.
The giant cockroach barely misses you. The giant cockroach bites you.
You take 1 damage, and have 17/46 hp.
You hit the giant cockroach. You hit the giant cockroach.
You punch the giant cockroach.
You kill the giant cockroach!
Dithmenos accepts your kill.
You now have 177 gold pieces (gained 6).
You now have 188 gold pieces (gained 11).
A centaur comes into view.
A centaur is nearby!
You are too injured to fight recklessly!
A centaur is nearby!
You are too injured to fight recklessly!
A centaur is nearby!
You are too injured to fight recklessly!
You are too injured to fight recklessly!
A centaur is nearby!
You are too injured to fight recklessly!
The centaur shouts!
The centaur wields a shortbow.
The centaur shoots an arrow.
The arrow hits you!
* * * LOW HITPOINT WARNING * * *
You see here an arrow.
You take 11 damage, and have 6/46 hp.
MASSIVE DAMAGE!!
The centaur shoots an arrow.
The arrow hits you!
You die...

# #..#.......#.#...#
#.#......_.....#...##
#.#..#.......#....... #.
#....#.......#....... #...
###..##..%.%##.......
....####..####.####.....#.
#.......................#
........................##
##.#.#...@.###.###..##.##
#..#..#.# #.(...>##.#
##.#(##.###.##)..# .#
#.#.###...###..## .. #...#
#..## #..#
###c.###..####[.#
................#
.....###.#####... ###...
#.# #...


You could see a centaur.

Vanquished Creatures
  Sigmund (D:4)
  A giant frog zombie (D:5)
  A giant frog skeleton (D:4)
  A centaur skeleton (D:5)
  A worker ant (D:5)
  9 adders
  An adder skeleton (D:4)
  5 orcs
  12 bats
  5 giant cockroaches
  12 goblins
  12 hobgoblins
  2 jackals
  6 kobolds
  4 quokkas
  2 ball pythons
  9 giant geckos
  6 giant newts
  6 rats
96 creatures vanquished.

Notes
Turn   | Place    | Note
--------------------------------------------------------------
     0 | D:1      | dpvblackbelt the Vampire Monk began the quest for the Orb.
     0 | D:1      | Reached XP level 1. HP: 17/17 MP: 1/1
   378 | D:1      | Reached skill level 1 in Short Blades
   378 | D:1      | Reached XP level 2. HP: 23/23 MP: 2/2
   696 | D:1      | Reached skill level 2 in Short Blades
  1571 | D:1      | Reached XP level 3. HP: 20/28 MP: 3/3
  1874 | D:2      | Reached skill level 3 in Short Blades
  2520 | D:2      | Found a basalt altar of Yredelemnul.
  2908 | D:2      | Found a burning altar of Makhleb.
  2908 | D:2      | Found a shimmering altar of Xom.
  2909 | D:2      | Reached XP level 4. HP: 34/34 MP: 4/4
  2996 | D:3      | Reached skill level 4 in Short Blades
  5129 | D:2      | Reached XP level 5. HP: 25/39 MP: 5/5
  5698 | D:3      | HP: 4/39 [orc/war axe (11)]
  6637 | D:4      | Reached skill level 5 in Short Blades
  6653 | D:4      | Found an ancient bone altar of Kikubaaqudgha.
  6662 | D:4      | Found a snail-covered altar of Cheibriados.
  6673 | D:4      | HP: 9/39 [orc/whip (3)]
  7294 | D:4      | Found a shadowy altar of Dithmenos.
  7359 | D:4      | Became a worshipper of Dithmenos the Shadowed
  7359 | D:4      | Acquired Dithmenos's first power
  7458 | D:4      | Noticed Sigmund
  7585 | D:4      | Killed Sigmund
  7585 | D:4      | Reached skill level 6 in Short Blades
  7585 | D:4      | Reached XP level 6. HP: 46/46 MP: 6/6
  7935 | D:4      | Found a staircase to the Ecumenical Temple.
  8404 | D:5      | Entered Level 5 of the Dungeon
  8418 | D:5      | Reached skill level 7 in Short Blades
  8521 | D:5      | Found a blossoming altar of Fedhas.
  8583 | D:5      | HP: 6/46 [centaur/arrow (11)]
  8585 | D:5      | Shot with an arrow by a centaur

Vault maps used:
D:1:      co_arrival_random_square_maze
D:2:      gammafunk_temple_overflow_elements, lemuel_crystal_altar, first_bread
D:4:      overflow_temple_1_default, grunt_dithmenos_smoke,
          lemuel_crystal_altar, minmay_temple_entry_overgrown, uniq_sigmund
D:5:      old_standard_altar, okawaru_trees_1, feat_on_display

Action                   |  1- 3 |  4- 6 || total
-------------------------+-------+-------++-------
Melee: Dagger            |    75 |   128 ||   203
       Unarmed           |    92 |   362 ||   454
Throw: Stone             |    20 |       ||    20
 Abil: Bat Form          |     2 |     5 ||     7
       End Transformatio |     1 |     6 ||     7
  Use: Potion            |     1 |     5 ||     6
       Scroll            |       |     5 ||     5
 Stab: Sleeping          |    11 |    14 ||    25
       Distracted        |     1 |       ||     1

Vault maps used:
D:1:      co_arrival_random_square_maze
D:2:      gammafunk_temple_overflow_elements, lemuel_crystal_altar, first_bread
D:4:      overflow_temple_1_default, grunt_dithmenos_smoke,
          lemuel_crystal_altar, minmay_temple_entry_overgrown, uniq_sigmund
D:5:      old_standard_altar, okawaru_trees_1, feat_on_display

Table legend:
 A = Turns spent in this place as a percentage of turns spent in the entire game.
 B = Non-inter-level travel turns spent in this place as a percentage of non-inter-level travel turns spent in the entire game.
 C = Inter-level travel turns spent in this place as a percentage of turns spent in this place.
 D = Turns resting spent in this place as a percentage of non-inter-level travel turns spent in this place.
 E = Turns spent auto-exploring this place as a percentage of non-inter-level travel turns spent in this place.
 F = Non-inter-level travel turns spent in this place divided by the number of levels of this place that you've seen.
                   A       B       C       D       E      F
               +-------+-------+-------+-------+-------+----------------------
         Total | 100.0 | 100.0 |   0.2 |   3.5 |   5.3 | 451.0
       Dungeon | 100.0 | 100.0 |   0.2 |   3.5 |   5.3 | 451.0
               +-------+-------+-------+-------+-------+----------------------

Table legend:
 A = Kills in this place as a percentage of kills in entire the game.
 B = Kills by you in this place as a percentage of kills by you in the entire game.
 C = Kills by friends in this place as a percentage of kills by friends in the entire game.
 D = Other kills in this place as a percentage of other kills in the entire game.
 E = Experience gained in this place as a percentage of experience gained in the entire game.
 F = Experience gained in this place divided by the number of levels of this place that you have seen.
                   A       B       C       D       E      F
               +-------+-------+-------+-------+-------+----------------------
         Total | 100.0 | 100.0 |  -nan |  -nan | 100.0 | 128.8
       Dungeon | 100.0 | 100.0 |  -nan |  -nan | 100.0 | 128.8
               +-------+-------+-------+-------+-------+----------------------
